% Time on Ice - ANCHORAGE ACES
Lines # - Real PCT - Wanted PCT - Time Play
Normal Forward
1 - 29% - 32% - 14:34
2 - 30% - 31% - 14:59
3 - 29% - 30% - 14:19
4 - 12% - 7% - 6:09
Normal Defense
1 - 35% - 38% - 17:19
2 - 36% - 36% - 18:02
3 - 24% - 16% - 11:55
4 - 5% - 10% - 2:45
PP Forward
1 - 36% - 50% - 1:28
2 - 64% - 50% - 2:34
PP Defense
1 - 64% - 57% - 2:34
2 - 36% - 43% - 1:28
PK Forward
1 - 63% - 55% - 2:30
2 - 38% - 45% - 1:30
PK Defense
1 - 58% - 55% - 2:18
2 - 43% - 45% - 1:42
PK3 Forward
1 - 0% - 55%
2 - 0% - 45%
PK3 Defense
1 - 0% - 55%
2 - 0% - 45%
44 Forward
1 - 50% - 55% - 0:59
2 - 50% - 45% - 0:58
44 Defense
1 - 50% - 55% - 0:59
2 - 50% - 45% - 0:58
Last Minute Offensive  - 0:00
Last Minute Defensive  - 0:00
Total
Forward - 60:00
Defense - 60:00
% Time on Ice - SEATTLE GRUNGE
Lines # - Real PCT - Wanted PCT - Time Play
Normal Forward
1 - 35% - 37% - 17:16
2 - 30% - 33% - 15:14
3 - 21% - 25% - 10:42
4 - 14% - 5% - 6:49
Normal Defense
1 - 36% - 41% - 18:02
2 - 37% - 38% - 18:45
3 - 26% - 21% - 13:14
4 - 0% - 0% - 0:00
PP Forward
1 - 70% - 55% - 2:49
2 - 30% - 45% - 1:11
PP Defense
1 - 71% - 55% - 2:50
2 - 29% - 45% - 1:10
PK Forward
1 - 55% - 55% - 2:13
2 - 45% - 45% - 1:49
PK Defense
1 - 50% - 55% - 2:00
2 - 50% - 45% - 2:02
PK3 Forward
1 - 0% - 55%
2 - 0% - 45%
PK3 Defense
1 - 0% - 55%
2 - 0% - 45%
44 Forward
1 - 41% - 55% - 0:48
2 - 59% - 45% - 1:09
44 Defense
1 - 41% - 55% - 0:48
2 - 59% - 45% - 1:09
Last Minute Offensive  - 0:00
Last Minute Defensive  - 0:00
Total
Forward - 60:00
Defense - 60:00
Play-by-Play 1st period 0:01 of 1st period - Connor McDavid wins face-off versus Chris Tierney in neutral zone. 0:01 of 1st period - Nikolaj Ehlers is hit by Chris Tierney and loses puck. 0:19 of 1st period - Minor Penalty to Jake Guentzel for Tripping. 0:20 of 1st period - Nathan MacKinnon wins face-off versus Brian Boyle in SEATTLE GRUNGE zone. 0:21 of 1st period - Shot by Chris Kreider. 0:21 of 1st period - Goal by Chris Kreider - ANCHORAGE ACES : 1 - SEATTLE GRUNGE : 0. 0:22 of 1st period - Phillip Danault wins face-off versus Tyler Seguin in neutral zone. 0:31 of 1st period - Shot by Reyley Smith. 0:31 of 1st period - Stopped by Semyon Varlamov without a rebound. 0:32 of 1st period - Brian Boyle wins face-off versus Nathan MacKinnon in SEATTLE GRUNGE zone. 0:49 of 1st period - Matthew Grzelcyk is hit by Cal Clutterbuck and loses puck. 1:08 of 1st period - Icing by Slater Koekkoek. 1:09 of 1st period - Phillip Danault wins face-off versus Brian Boyle in SEATTLE GRUNGE zone. 1:36 of 1st period - Shot by Phillip Danault. 1:36 of 1st period - Stopped by Semyon Varlamov without a rebound. 1:37 of 1st period - Chris Tierney wins face-off versus Connor McDavid in SEATTLE GRUNGE zone. 1:49 of 1st period - Icing by Jakob Silfverberg. 1:50 of 1st period - Connor McDavid wins face-off versus Tyler Seguin in ANCHORAGE ACES zone. 1:50 of 1st period - Jakob Silfverberg is hit by Vladislav Namestnikov. 1:57 of 1st period - Nikolaj Ehlers is hit by David Savard and loses puck. 1:59 of 1st period - Minor Penalty to David Savard for Holding. 2:00 of 1st period - Brian Boyle wins face-off versus Nathan MacKinnon in SEATTLE GRUNGE zone. 2:00 of 1st period - Brian Boyle is hit by Chris Kreider. 2:01 of 1st period - Minor Penalty to Chris Kreider for Boarding. 2:02 of 1st period - Jake Guentzel wins face-off versus Nathan MacKinnon in ANCHORAGE ACES zone. 2:19 of 1st period - Shot by Reyley Smith. 2:19 of 1st period - Stopped by Semyon Varlamov without a rebound. 2:20 of 1st period - Chris Tierney wins face-off versus Connor McDavid in SEATTLE GRUNGE zone. 2:49 of 1st period - Shot by Nikolaj Ehlers. 2:49 of 1st period - Deflect By Connor McDavid. 2:49 of 1st period - Shot Misses the Net. 2:53 of 1st period - Shot by Connor McDavid. 2:53 of 1st period - Shot Misses the Net. 3:28 of 1st period - Icing by Nathan MacKinnon. 3:29 of 1st period - Tyler Seguin wins face-off versus Nathan MacKinnon in ANCHORAGE ACES zone. 3:34 of 1st period - Shot by Roman Josi. 3:34 of 1st period - Stopped by Braden Holtby without a rebound. 3:35 of 1st period - Tyler Seguin wins face-off versus Nathan MacKinnon in ANCHORAGE ACES zone. 3:59 of 1st period - Shot by Jake Guentzel. 3:59 of 1st period - Stopped by Braden Holtby without a rebound. 4:00 of 1st period - Chris Tierney wins face-off versus Phillip Danault in ANCHORAGE ACES zone. 4:03 of 1st period - Shot by Carl Hagelin. 4:03 of 1st period - Deflect By Jason Spezza. 4:03 of 1st period - Shot Misses the Net. 4:05 of 1st period - Shot by Roman Josi. 4:05 of 1st period - Shot Blocked by Nate Thompson. 4:48 of 1st period - Roman Josi is hit by Ben Chiarot and loses puck. 5:01 of 1st period - Shot by Chris Kreider. 5:01 of 1st period - Shot Misses the Net. 5:03 of 1st period - Shot by Chris Kreider. 5:03 of 1st period - Stopped by Semyon Varlamov with a rebound. 5:19 of 1st period - Shot by Reyley Smith. 5:19 of 1st period - Goal by Reyley Smith - ANCHORAGE ACES : 2 - SEATTLE GRUNGE : 0. 5:20 of 1st period - Connor McDavid wins face-off versus Tyler Seguin in neutral zone. 5:47 of 1st period - Shot by Connor McDavid. 5:47 of 1st period - Stopped by Semyon Varlamov without a rebound. 5:48 of 1st period - Josh Bailey wins face-off versus Nathan MacKinnon in SEATTLE GRUNGE zone. 5:48 of 1st period - Josh Bailey is hit by Cal Clutterbuck. 6:07 of 1st period - Icing by Nathan MacKinnon. 6:08 of 1st period - Tyler Seguin wins face-off versus Nathan MacKinnon in ANCHORAGE ACES zone. 6:39 of 1st period - Shot by Nathan MacKinnon. 6:39 of 1st period - Shot Hit the Post. 6:54 of 1st period - Wayne Simmonds is hit by Cal Clutterbuck and loses puck. 7:38 of 1st period - Icing by Damon Severson. 7:39 of 1st period - Tyler Seguin wins face-off versus Phillip Danault in SEATTLE GRUNGE zone. 8:55 of 1st period - Shot by Nikolaj Ehlers. 8:55 of 1st period - Shot Misses the Net. 8:57 of 1st period - Shot by Connor McDavid. 8:57 of 1st period - Stopped by Semyon Varlamov without a rebound. 8:58 of 1st period - Brian Boyle wins face-off versus Nathan MacKinnon in SEATTLE GRUNGE zone. 9:02 of 1st period - Icing by Carl Hagelin. 9:03 of 1st period - Connor McDavid wins face-off versus Brian Boyle in SEATTLE GRUNGE zone. 9:31 of 1st period - Shot by Brian Boyle. 9:31 of 1st period - Shot Blocked by Jakob Silfverberg. 9:33 of 1st period - Shot by Brian Boyle. 9:33 of 1st period - Shot Blocked by Shea Weber. 9:35 of 1st period - Shot by Slater Koekkoek. 9:35 of 1st period - Shot Blocked by Deryk Engelland. 9:37 of 1st period - Shot by Slater Koekkoek. 9:37 of 1st period - Shot Blocked by Deryk Engelland. 10:07 of 1st period - Shot by Brandon Saad. 10:07 of 1st period - Shot Misses the Net. 10:53 of 1st period - Shot by Chris Kreider. 10:53 of 1st period - Shot Misses the Net. 10:55 of 1st period - Shot by Chris Kreider. 10:55 of 1st period - Shot Blocked by David Savard. 10:59 of 1st period - Shot by Chris Kreider. 10:59 of 1st period - Shot Blocked by Jake Guentzel. 11:11 of 1st period - Shot by Phillip Danault. 11:11 of 1st period - Stopped by Semyon Varlamov without a rebound. 11:12 of 1st period - Nate Thompson wins face-off versus Brian Boyle in SEATTLE GRUNGE zone. 11:47 of 1st period - Shot by Brian Boyle. 11:47 of 1st period - Stopped by Braden Holtby without a rebound. 11:48 of 1st period - Tyler Seguin wins face-off versus Phillip Danault in ANCHORAGE ACES zone. 12:04 of 1st period - Shot by Chris Kreider. 12:04 of 1st period - Stopped by Semyon Varlamov without a rebound. 12:05 of 1st period - Jason Spezza wins face-off versus Connor McDavid in SEATTLE GRUNGE zone. 12:18 of 1st period - Shot by Jason Spezza. 12:18 of 1st period - Stopped by Braden Holtby without a rebound. 12:19 of 1st period - Tyler Seguin wins face-off versus Nathan MacKinnon in ANCHORAGE ACES zone. 12:47 of 1st period - Icing by Slater Koekkoek. 12:48 of 1st period - Tyler Seguin wins face-off versus Connor McDavid in SEATTLE GRUNGE zone. 12:48 of 1st period - Tyler Seguin is hit by Nikolaj Ehlers. 13:32 of 1st period - Icing by Matthew Grzelcyk. 13:33 of 1st period - Tyler Seguin wins face-off versus Phillip Danault in SEATTLE GRUNGE zone. 13:42 of 1st period - Chris Kreider is hit by Slater Koekkoek and loses puck. 15:02 of 1st period - Icing by Seth Jones. 15:03 of 1st period - Jason Spezza wins face-off versus Phillip Danault in ANCHORAGE ACES zone. 15:22 of 1st perio